 Dungeon Crawl Stone Soup version 0.22-a0-775-ga7d80019b5 (webtiles) character file.

77 Mirvelgyr the Chopper (level 4, -1/58 HPs)
             Began as a Minotaur Berserker on July 18, 2018.
             Was a Believer of Trog.
             Slain by a two-headed ogre
             ... wielding a cursed +0 dire flail
              (9 damage)
             ... on level 3 of the Dungeon.
             The game lasted 00:01:39 (1639 turns).

Mirvelgyr the Chopper (Minotaur Berserker)          Turns: 1639, Time: 00:01:40

Health: -1/58      AC:  3    Str: 28    XL:     4   Next: 14%
Magic:  3/3        EV: 12    Int:  4    God:    Trog [**....]
Gold:   52         SH:  0    Dex:  9    Spells: 3/3 levels left

rFire    . . .     SeeInvis .   m - +1 war axe (flame)
rCold    . . .     Gourm    .   (no shield)
rNeg     . . .     Faith    .   d - +0 leather armour
rPois    .         Spirit   .   (helmet restricted)
rElec    .         Reflect  .   (no cloak)
rCorr    .         Harm     .   (no gloves)
MR       ++...                  (no boots)
Stlth    ..........             (no amulet)
HPRegen  1.19/turn              (no ring)
MPRegen  0.08/turn              (no ring)

@: berserking, lethally poisoned (-1 -> -1), regenerating, very quick
A: retaliatory headbutt, horns 2
a: Berserk, Trog's Hand, Renounce Religion


You were on level 3 of the Dungeon.
You worshipped Trog.
Trog was pleased with you.
You were near starving.

You visited 1 branch of the dungeon, and saw 3 of its levels.

You collected 52 gold pieces.

Inventory:

Hand Weapons
 m - a +1 war axe of flaming (weapon)
Armour
 d - a +0 leather armour (worn)
Scrolls
 e - 4 scrolls of identify {unknown}
 f - 3 scrolls of remove curse {unknown}
 g - a scroll of blinking {unknown}
 l - 2 scrolls of magic mapping {unknown}
Potions
 h - 2 potions of haste {unknown}
 i - a potion of brilliance {unknown}
 j - a potion of heal wounds {unknown}
 k - 2 potions of curing {unknown}
Comestibles
 b - 10 chunks of flesh
 c - 3 rations


   Skills:
 - Level 3.6 Fighting
 + Level 6.1 Axes
 - Level 2.4 Armour
 - Level 2.1 Dodging


You had 3 spell levels left.
You didn't know any spells.
Your spell library was empty.

Dungeon Overview and Level Annotations

Branches:
Dungeon (3/15)

Altars:


Innate Abilities, Weirdness & Mutations

You reflexively headbutt those who attack you in melee.
You have a pair of horns on your head.


Message History

The ogre misses you. The adder bites you.
You are more poisoned.
The adder poisons you!
You closely miss the adder. Your headbutt misses the adder.
The adder is moderately wounded.
You completely miss the ogre. You slash the two-headed ogre!
You burn the two-headed ogre.
You are near starving!
You feel sick. The adder closely misses you.
The ogre hits you with a giant club!
* * * LOW HITPOINT WARNING * * *
The adder barely misses you. You furiously retaliate!
You headbutt the adder!
You kill the adder!
Trog accepts your kill.
Your Axes skill increases to level 6!
You hit the two-headed ogre. You burn the two-headed ogre.
The two-headed ogre is moderately wounded.
You feel sick.
The two-headed ogre hits you with a dire flail!
You die...

#.# #.####### #........
######### ######### .# #
#.......##..# #
#.......##..# .## ## #
#.......##..# .. ....####
.......O@...# .#... ...#
.......O###.##.#.######.#
...#...............#.....
#.#...........#.#.#..# #
#.#.#.........#.#.##
#...#.........#.#...
#.####.####...#.####
.#.####.####...#.....
....................>


You could see a two-headed ogre and an ogre.

Vanquished Creatures
  2 adders
  An ooze (D:2)
  3 leopard geckos (D:1)
  3 orcs (D:3)
  A ball python (D:2)
  10 bats
  3 giant cockroaches
  2 goblins (D:1)
  4 hobgoblins
  2 jackals (D:1)
  6 kobolds
  A frilled lizard (D:1)
  7 rats
45 creatures vanquished.

Notes
Turn   | Place    | Note
-------+----------+-------------------------------------------
     0 | D:1      | Mirvelgyr the Minotaur Berserker began the quest for the Orb.
     0 | D:1      | Reached XP level 1. HP: 19/19 MP: 0/0
    12 | D:1      | Reached skill level 4 in Axes
    56 | D:1      | Reached XP level 2. HP: 21/26 MP: 1/1
   322 | D:1      | Reached skill level 5 in Axes
   492 | D:1      | Reached XP level 3. HP: 31/31 MP: 2/2
  1258 | D:2      | Reached ** piety under Trog
  1539 | D:3      | Reached XP level 4. HP: 37/39 MP: 3/3
  1629 | D:3      | Noticed an ogre
  1631 | D:3      | Noticed a two-headed ogre
  1638 | D:3      | Reached skill level 6 in Axes
  1639 | D:3      | Slain by a two-headed ogre

Vault maps used:
D:1:      lightli_arrival_statuegarden
D:2:      kennysheep_generic_room_11
D:3:      cheibrodos_old_hovel, nemelex_xobeh_ov_fountains_minmay,
          kennysheep_potato

Skill      XL: |  1  2  3  4 |
---------------+-------------+-----
Axes           | 4 5 6 |  6.1
Fighting       | |  3.6
Armour         | |  2.4
Dodging        | |  2.1

Action                   |  1- 3 |  4- 6 || total
-------------------------+-------+-------++-------
Melee: Hand axe          |    87 |       ||    87
       Headbutt          |    10 |     1 ||    11
       War axe           |       |     6 ||     6
Invok: Berserk           |       |     1 ||     1
       Trog's Hand       |       |     1 ||     1
  Eat: Chunk             |     2 |       ||     2
Armor: Animal skin       |    10 |       ||    10
       Leather armour    |     4 |     2 ||     6
Dodge: Dodged            |    59 |     7 ||    66

Table legend:
 A = Spawn XP
 B = Non-spawn XP
 C = Spawn XP percentage of total XP
 D = Spawn monster count
 E = Non-spawn monster count
 F = Spawn count percentage of total count
 G = Total turns spent on level
                    A         B        C        D         E        F      G
               +---------+---------+-------+---------+---------+-------+---------
         Total |       0 |     111 |   0.0 |       0 |      45 |   0.0 |  1639
               +---------+---------+-------+---------+---------+-------+---------
           D:1 |       0 |      47 |   0.0 |       0 |      26 |   0.0 |   658
           D:2 |       0 |      41 |   0.0 |       0 |      15 |   0.0 |   835
           D:3 |       0 |      23 |   0.0 |       0 |       4 |   0.0 |   146
               +---------+---------+-------+---------+---------+-------+---------
